 Dungeon Crawl Stone Soup version 0.28-a0-95-g65e1ffefe4 (webtiles) character file.

Game seed: 17592454045950537395

92294 lightspider the Executioner (level 16, -27/235 HPs)
             Began as a Hill Orc Fighter on Aug 8, 2021.
             Was a High Priest of Beogh.
             Killed from afar by a deep elf annihilator (40 damage)
             ... with an iron shot
             ... on level 3 of the Elven Halls.
             The game lasted 02:08:30 (27084 turns).

lightspider the Executioner (Hill Orc Fighter)     Turns: 27084, Time: 02:08:33

Health: -27/235    AC: 32    Str: 32    XL:     16   Next: 5%
Magic:  0/16       EV:  2    Int:  8    God:    Beogh [*****.]
Gold:   1558       SH:  0    Dex: 10    Spells: 15/15 levels left

rFire   . . .      SeeInvis .   u - +7 battleaxe (vorpal)
rCold   . . .      Faith    .   (shield currently unavailable)
rNeg    + + +      Spirit   +   (armour currently unavailable)
rPois   +          Reflect  .   (helmet currently unavailable)
rElec   .          Harm     .   (cloak currently unavailable)
rCorr   .          Rampage  .   (gloves currently unavailable)
Will    +....      NoTele   +   (boots currently unavailable)
Stlth   +.........              A - amulet of guardian spirit
HPRegen 0.49/turn               s - +6 ring of strength
MPRegen 0.15/turn               v - +4 ring of protection

@: tree-form, studying Staves
A: stationary, stasis, torment immunity, boosted hp, walk on water
a: Renounce Religion, Smiting, Recall Orcish Followers, Give Item to Named
Follower


You were on level 3 of the Elven Halls.
You worshipped Beogh.
Beogh was extremely pleased with you.
You were a tree.
You visited 3 branches of the dungeon, and saw 20 of its levels.
You also visited: Sewer.

You collected 2468 gold pieces.
You spent 910 gold pieces at shops.

Inventory:

Hand Weapons
 c - a +2 trident of protection
 o - a +3 great sword of draining
 u - a +7 vorpal battleaxe (weapon)
 U - a +1 battleaxe of flaming
 Y - a +0 glaive of flaming
Armour
 f - a +0 cloak (melded)
 k - a +3 buckler of cold resistance
 t - the +0 storm dragon scales of Vomp (melded) {rElec rC++ Will+ MP-9 Stlth+}
   (You found it in a sewer)

   rC:        It greatly protects you from cold.
   rElec:     It insulates you from electricity.
   MP:        It affects your magic capacity (-9).
   Will:      It increases your willpower.
   Stlth:     It makes you more stealthy.
 G - a +0 helmet
 O - a +2 pair of boots (melded)
 X - a +1 pair of gloves of dexterity (melded)
 Z - the +0 helmet of Indemnity (melded) {rElec rF+ rC- Str+3}
   (You found it on level 3 of the Elven Halls)

   Str:       It affects your strength (+3).
   rF:        It protects you from fire.
   rC:        It makes you vulnerable to cold.
   rElec:     It insulates you from electricity.
Jewellery
 d - a ring of positive energy
 s - a +6 ring of strength (left branch)
 v - a +4 ring of protection (right branch)
 x - an amulet of regeneration
 A - an amulet of guardian spirit (around neck)
 J - an amulet of the acrobat
 S - a ring of wizardry
Wands
 i - a wand of paralysis (13)
 p - a wand of polymorph (12)
 D - a wand of acid (5)
 L - a wand of charming (20)
 R - a wand of digging (3)
 W - a wand of iceblast (12)
Scrolls
 a - a scroll of enchant weapon
 b - a scroll of immolation
 l - 2 scrolls of identify
 r - 6 scrolls of teleportation
 y - a scroll of amnesia
 C - 2 scrolls of enchant armour
 K - a scroll of vulnerability
 N - 2 scrolls of magic mapping
 P - a scroll of fear
 Q - 3 scrolls of fog
 V - a scroll of brand weapon
Potions
 e - 4 potions of mutation
 g - 6 potions of haste
 h - 4 potions of brilliance
 j - 6 potions of cancellation
 m - 6 potions of resistance
 q - 3 potions of invisibility
 w - 2 potions of attraction
 z - 3 potions of ambrosia
 B - 3 potions of curing
 F - 5 potions of flight
 M - 2 potions of might
 T - 2 potions of magic
Miscellaneous
 H - a lightning rod (4/4)
 I - a piece from Xom's chessboard (15/15)


   Skills:
 + Level 17.9 Fighting
 + Level 21.3 Axes
 + Level 16.6 Armour
 - Level 0.6 Dodging
 - Level 0.2 Stealth
 - Level 3.9 Shields


You had 15 spell levels left.
You didn't know any spells.
Your spell library contained the following spells:

 Spells                   Type           Power      Damage    Failure   Level
 Beastly Appendage        Tmut           0%         N/A       41%         1
 Foxfire                  Conj/Fire      0%         2x1d4     41%         1
 Slow                     Hex            0%         N/A       54%         2
 Wereblood                Tmut           0%         N/A       54%         2
 Confusing Touch          Hex            0%         N/A       78%         3
 Gell's Gravitas          Tloc           0%         N/A       78%         3
 Lesser Beckoning         Tloc           0%         N/A       78%         3
 Mephitic Cloud           Conj/Pois/Air  0%         N/A       78%         3
 Portal Projectile        Hex/Tloc       0%         N/A       78%         3
 Spider Form              Tmut/Pois      0%         N/A       78%         3
 Teleport Other           Tloc           0%         N/A       78%         3
 Vampiric Draining        Necr           0%         2d6       78%         3
 Blade Hands              Tmut           0%         N/A       100%        5
 Excruciating Wounds      Necr           0%         N/A       100%        5
 Fireball                 Conj/Fire      0%         3d3       100%        5
 Freezing Cloud           Conj/Ice/Air   0%         6-21      100%        5
 Yara's Violent Unravell  Hex/Tmut       0%         3d3       100%        5
 Iron Shot                Conj/Erth      0%         9d1       100%        6
 Starburst                Conj/Fire      0%         8x6d3     100%        6
 Summon Horrible Things   Summ           0%         N/A       100%        8


Dungeon Overview and Level Annotations

Branches:
Dungeon (15/15)            Temple (0/1) D:7            Lair (0/6) D:8
    Orc (2/2) D:12            Elf (3/3) Orc:2        Depths (0/5) D:15
  Sewer (visited)
 Vaults: D:13-14

Altars:
Gozag
Sif Muna
Trog
Uskayaw
Wu Jian
Zin

Shops:
D:1 =(!   D:12 (   Orc:2 (!**

Portals:
Trove: D:10 (give 6 scrolls of fog)

Annotations:
D:8 2 transporters, Pooter's ghost, novice MiBe
Elf:2 3 runed translucent doors, Gorep's ghost, adept FeBe


Message History

The deep elf demonologist casts a spell.
The deep elf sorcerer casts a spell.
The deep elf sorcerer seems to speed up.
The deep elf death mage is empowered by the deep elf high priest's aura!
The deep elf blademaster hits you with a +0 short sword!
* * * LOW HITPOINT WARNING * * *
The deep elf blademaster hits you but does no damage.
The deep elf annihilator gestures wildly while chanting.
The deep elf annihilator blinks!
The tormentor hits you but does no damage. x2
A deep elf sorcerer comes into view. It is wielding a +0 long sword.
You cannot teleport because you are held in place by your roots.
Okay, then.
Okay, then.
As you read the scroll of fear, it crumbles to dust.
You assume a fearsome visage.
The deep elf death mage resists with some effort.
The deep elf sorcerer resists with almost no effort.
The deep elf high priest looks frightened!
The deep elf demonologist looks frightened!
The deep elf blademaster looks frightened!
The deep elf annihilator easily resists.
The deep elf master archer looks frightened!
The deep elf demonologist looks frightened!
The deep elf sorcerer easily resists.
The deep elf death mage looks frightened!
The tormentor is unaffected.
The hell beast is unaffected.
The deep elf sorcerer shouts!
The deep elf sorcerer is empowered by the deep elf high priest's aura!
The deep elf death mage is empowered by the deep elf high priest's aura!
A deep elf sorcerer comes into view. It is wielding a +0 short sword.
The tormentor hits you.
* * * LOW HITPOINT WARNING * * *
The tormentor hits you but does no damage.
The deep elf sorcerer mumbles some strange words.
The deep elf sorcerer seems to speed up.
The deep elf demonologist cries, "Mercy!"
The deep elf annihilator casts a spell at you.
The iron shot hits you!!!
You die...

e. #..
##..
#..e#
...e.####
#....e##
#e.2..##
#2..♣.e#
#:..#§.⌠#
##e .e..#
# ....##
e...##
.e####
e.# #..


You could see a deep elf blademaster (fleeing), a hell beast (summoned), a deep
elf master archer (fleeing), a deep elf annihilator (empowered), 2 deep elf
death magi, 3 deep elf sorcerers, 2 deep elf demonologists, a deep elf high
priest (brilliance aura, fleeing) and a tormentor (summoned).

Vanquished Creatures
  Gastronok (D:10)
  A very ugly thing (D:10)
  A deep elf death mage (Elf:2)
  The ghost of Atlas the Grappler, a journeyman DrTm of Gozag (D:13)
  A yaktaur captain (D:15)
  The ghost of SirDiesAlot the Thaumaturge, a journeyman DECj of Vehumet (D:13)
  2 ogre magi (D:15)
  2 centaur warriors
  5 dancing weapons (Elf:2)
  3 death yaks
  A tengu warrior (D:14)
  2 skeletal warriors (D:15)
  8 deep elf knights
  Pikel (D:6)
  2 deep elf archers (Elf:1)
  A wizard (D:10)
  15 deep elf pyromancers
  11 deep elf zephyrmancers
  2 manticores
  4 cyclopes
  7 ugly things
  A gargoyle (D:11)
  A rime drake (shapeshifter) (Elf:2)
  Maggie (D:7)
  4 yaktaurs (D:15)
  The ghost of ZeroWinrate the Magician, a novice DjCj (D:6)
  4 kobold demonologists
  A freezing wraith (D:15)
  A guardian mummy (D:10)
  A troll (shapeshifter) (D:15)
  3 trolls
  A hornet (D:9)
  9 slime creatures
  3 air elementals
  2 shadows
  8 yaks
  2 wyverns (D:9)
  2 basilisks
  A fire elemental (Elf:1)
  3 wraiths
  2 steam dragons (D:5)
  A vampire mosquito (D:14)
  A swamp worm (shapeshifter) (D:15)
  4 wargs
  An acid dragon (D:13)
  5 water moccasins
  Duvessa (D:5)
  Purgy (Sewer)
  An ice beast (D:8)
  11 orc warriors
  A hornet zombie (D:5)
  2 sky beasts
  6 ogres
  A boggart (D:15)
  A necrophage (D:6)
  18 centaurs
  A lemure (D:6)
  A scorpion (D:6)
  An earth elemental (Elf:3)
  Dowan (D:5)
  6 killer bees (D:8)
  13 wights
  3 howler monkeys
  A spectral centaur (D:6)
  A centaur zombie (D:6)
  3 hounds
  3 jellies
  2 gnoll shamans
  6 orc priests
  Ijyb (D:5)
  An iguana (D:4)
  15 orc wizards
  2 hell rats (D:8)
  A centaur simulacrum (D:6)
  A howler monkey zombie (D:6)
  20 gnolls
  A howler monkey skeleton (D:7)
  9 adders
  4 river rats (D:8)
  A shadow imp (D:7)
  A white imp (D:6)
  A howler monkey simulacrum (D:6)
  A dart slug (D:2)
  33 orcs
  11 bats
  4 endoplasms
  3 giant cockroaches (D:4)
  5 goblins
  A hobgoblin (D:4)
  12 jackals
  7 kobolds
  5 quokkas
  6 ball pythons
  6 frilled lizards
  7 rats
379 creatures vanquished.

Vanquished Creatures (collateral kills)
  Jorgrun (D:14)
  A deep elf blademaster (Elf:2)
  An orc warlord (Orc:1)
  2 deep elf annihilators (Elf:1)
  2 boulder beetles
  A great orb of eyes (D:15)
  A rakshasa (D:14)
  2 centaur warriors
  2 tengu warriors
  A two-headed ogre (D:11)
  19 dancing weapons
  An orc high priest (Orc:2)
  12 deep elf knights
  2 skeletal warriors (D:15)
  A wizard (D:10)
  4 deep elf archers
  15 deep elf zephyrmancers
  14 deep elf pyromancers
  14 ugly things
  4 orc knights
  3 orc sorcerers
  4 cyclopes
  2 manticores
  Psyche (D:12)
  A yaktaur (D:15)
  A yaktaur (shapeshifter) (Elf:1)
  2 tengu conjurers
  A meliai (shapeshifter) (Elf:1)
  4 trolls
  A slime creature (D:12)
  An air elemental (Elf:2)
  A yak (shapeshifter) (D:14)
  A water elemental (Elf:2)
  2 vampire mosquitoes
  2 wargs (Orc:1)
  A hell hound (D:13)
  An acid dragon (D:11)
  11 orc warriors
  4 ogres (Orc:1)
  A centaur (D:11)
  An earth elemental (Elf:2)
  2 orc priests
  7 orc wizards
  13 orcs
  5 kobolds
  16 butterflies (Elf:1)
189 creatures vanquished.

Vanquished Creatures (others)
  An orc warlord (Orc:1)
  7 orc knights
  2 orc high priests
  3 orc sorcerers
  A deep elf knight (Elf:1)
  A deep elf pyromancer (Elf:1)
  A deep elf zephyrmancer (Elf:1)
  13 orc warriors
  17 orc priests
  9 orc wizards
  A white imp (D:5)
  38 orcs
  3 fungi (D:5)
  8 plants (D:15)
  6 withered plants (D:13)
111 creatures vanquished.

Grand Total: 679 creatures vanquished

Notes
Turn   | Place    | Note
-------+----------+-------------------------------------------
     0 | D:1      | lightspider the Hill Orc Fighter began the quest for the
                  | Orb.
     0 | D:1      | Reached XP level 1. HP: 19/19 MP: 1/1
   186 | D:1      | Found Sepougge's Distillery.
   195 | D:1      | Found a faded altar of an unknown god.
   302 | D:1      | Reached XP level 2. HP: 24/27 MP: 2/2
   499 | D:1      | Found Mafogyij's Weapon Emporium.
   644 | D:1      | Found Lyff's Jewellery Shop.
  1011 | D:2      | Reached skill level 3 in Axes
  1011 | D:2      | Reached XP level 3. HP: 29/33 MP: 3/3
  1306 | D:2      | Reached XP level 4. HP: 38/40 MP: 4/4
  2197 | D:2      | Reached skill level 4 in Axes
  2200 | D:2      | Reached XP level 5. HP: 41/47 MP: 5/5
  2296 | D:3      | Found an ornate altar of the Wu Jian Council.
  2479 | D:3      | Found an opulent altar of Gozag.
  2581 | D:3      | Found a hide-covered altar of Uskayaw.
  2682 | D:3      | Found a shimmering blue altar of Sif Muna.
  3142 | D:4      | Found a glowing drain.
  3155 | D:4      | Noticed an ogre
  3170 | D:4      | Killed an ogre
  3171 | D:4      | Reached skill level 5 in Fighting
  3171 | D:4      | Reached XP level 6. HP: 30/56 MP: 6/6
  3179 | Sewer    | Entered a sewer
  3332 | Sewer    | Noticed Purgy
  3347 | Sewer    | Killed Purgy
  3348 | Sewer    | Reached skill level 5 in Axes
  3485 | Sewer    | Reached skill level 5 in Armour
  3518 | Sewer    | Identified the +0 storm dragon scales of Vomp {rElec rC++
                  | Will+ MP-9 Stlth+}
  3614 | D:4      | Found a bloodstained altar of Trog.
  3988 | D:4      | Noticed a water moccasin
  4007 | D:4      | Killed a water moccasin
  4008 | D:4      | Reached XP level 7. HP: 6/62 MP: 0/7
  4008 | D:4      | Reached skill level 10 in Fighting
  4008 | D:4      | Reached skill level 11 in Axes
  4008 | D:4      | Reached XP level 8. HP: 7/80 MP: 0/8
  4008 | D:4      | HP: 4/80 [poisoned by a water moccasin]
  4314 | D:4      | Reached skill level 15 in Axes
  4314 | D:4      | Reached XP level 9. HP: 86/86 MP: 0/9
  4582 | D:4      | Found a glowing silver altar of Zin.
  4650 | D:5      | Entered Level 5 of the Dungeon
  4656 | D:5      | Became a worshipper of Beogh the Brigand
  5060 | D:5      | Noticed Duvessa
  5060 | D:5      | Noticed Dowan
  5083 | D:5      | Killed Dowan
  5085 | D:5      | Killed Duvessa
  5268 | D:5      | Reached skill level 10 in Armour
  5532 | D:5      | Noticed Ijyb
  5549 | D:5      | Killed Ijyb
  5891 | D:6      | Reached * piety under Beogh
  5893 | D:6      | Reached XP level 10. HP: 70/94 MP: 1/10
  6196 | D:6      | Noticed Pikel
  6199 | D:6      | Killed Pikel
  6238 | D:6      | Found a runed translucent gate.
  6238 | D:6      | Found a runed translucent gate.
  6240 | D:6      | Found a runed translucent gate.
  6246 | D:6      | Noticed ZeroWinrate's ghost (novice DjCj)
  6285 | D:6      | Killed ZeroWinrate's ghost
  6718 | D:7      | Noticed Maggie
  6733 | D:7      | Killed Maggie
  7211 | D:7      | Reached skill level 16 in Axes
  7339 | D:7      | Found a staircase to the Ecumenical Temple.
  7504 | D:7      | Reached ** piety under Beogh
  7872 | D:8      | Found a transporter.
  7872 | D:8      | Noticed Pooter's ghost (novice MiBe)
  7888 | D:8      | Noticed a death yak
  7891 | D:8      | Noticed a death yak
  7907 | D:8      | Noticed a death yak
  8028 | D:7      | Killed a death yak
  8309 | D:8      | Found a staircase to the Lair.
  8405 | D:8      | Reached XP level 11. HP: 60/104 MP: 0/11
  8636 | D:8      | Found a transporter.
  8768 | D:7      | Killed a death yak
  8944 | D:8      | Killed a death yak
  9569 | D:9      | Noticed a cyclops
  9581 | D:9      | Killed a cyclops
 10065 | D:9      | Reached *** piety under Beogh
 10263 | D:10     | Entered Level 10 of the Dungeon
 10420 | D:10     | Noticed Gastronok
 10433 | D:10     | Killed Gastronok
 10494 | D:10     | Reached skill level 17 in Axes
 10555 | D:10     | Noticed a white ugly thing
 10555 | D:10     | Noticed a white ugly thing
 10561 | D:10     | Noticed a green ugly thing
 10562 | D:10     | Noticed a cyan ugly thing
 10564 | D:10     | Killed a white ugly thing
 10565 | D:10     | Noticed a red ugly thing
 10567 | D:10     | Noticed a cyan ugly thing
 10569 | D:10     | Killed a cyan ugly thing
 10571 | D:10     | Killed a white ugly thing
 10574 | D:10     | Killed a white ugly thing
 10575 | D:10     | Reached XP level 12. HP: 91/113 MP: 3/12
 10870 | D:10     | Noticed a white very ugly thing
 10876 | D:10     | Killed a white very ugly thing
 11180 | D:10     | Found a portal to a secret trove of treasure.
 11492 | D:11     | Noticed a two-headed ogre
 11499 | D:11     | Killed a two-headed ogre
 12279 | D:11     | Reached **** piety under Beogh
 12738 | D:12     | Got the Disquisition on Combat Magic
 12743 | D:12     | You fall into a shaft and drop 2 floors!
 12745 | D:14     | Noticed a rakshasa
 12900 | D:13     | Found a runed translucent gate.
 12900 | D:13     | Found a runed translucent gate.
 12900 | D:13     | Noticed SirDiesAlot's ghost (journeyman DECj)
 12901 | D:13     | Found a runed translucent gate.
 12901 | D:13     | Noticed Atlas's ghost (journeyman DrTm)
 13141 | D:12     | Found a staircase to the Orcish Mines.
 13264 | D:12     | Reached skill level 18 in Axes
 13501 | D:12     | Noticed Psyche
 13512 | D:12     | Killed Psyche
 13683 | D:12     | Reached XP level 13. HP: 66/124 MP: 2/13
 13988 | D:12     | Found Anitoitosm's Weapon Boutique.
 14009 | D:12     | Bought a +1 battleaxe of flaming for 243 gold pieces
 15102 | D:13     | Gained Ugbert as an ally
 15299 | D:13     | Killed SirDiesAlot's ghost
 15303 | D:13     | Killed Atlas's ghost
 15383 | D:13     | Identified the +0 chain mail of the Wasteland {Str+2 Int+2}
 15522 | D:14     | Noticed Jorgrun
 15523 | D:14     | Killed a rakshasa
 15531 | D:14     | Killed Jorgrun
 15539 | D:14     | Reached ***** piety under Beogh
 15960 | D:14     | Reached skill level 15 in Fighting
 15969 | D:14     | Identified the +10 flail of Beubaduf {drain, Drain rCorr
                  | Dex+3}
 16614 | D:15     | Entered Level 15 of the Dungeon
 16618 | D:15     | Reached skill level 19 in Axes
 16741 | D:15     | Noticed a great orb of eyes
 16750 | D:15     | Killed a great orb of eyes
 16997 | D:15     | Reached XP level 14. HP: 124/135 MP: 3/14
 17827 | D:15     | Gained Worak as an ally
 18276 | D:15     | Found a staircase to the Depths.
 18994 | Orc:1    | Entered Level 1 of the Orcish Mines
 19566 | Orc:1    | Gained Marbaugh as an ally
 19965 | Orc:1    | Noticed an orc warlord
 19966 | Orc:1    | Noticed an orc warlord
 19977 | Orc:1    | HP: 6/136 [orc warlord (10)]
 19980 | Orc:1    | Killed an orc warlord
 21007 | Orc:2    | Entered Level 2 of the Orcish Mines
 21060 | Orc:2    | Found a staircase to the Elven Halls.
 21068 | Orc:2    | Reached ****** piety under Beogh
 21088 | Orc:2    | Found Wyusaef's Assorted Antiques.
 21088 | Orc:2    | Found Liyxtou's Antique Weapon Shop.
 21091 | Orc:2    | Found Vickipn's Distillery.
 21094 | Orc:2    | Found Utzy's General Store.
 21108 | Orc:2    | Bought a pair of embroidered gloves for 307 gold pieces
 21116 | Orc:2    | Bought a potion of resistance for 120 gold pieces
 21116 | Orc:2    | Bought a potion of heal wounds for 60 gold pieces
 21116 | Orc:2    | Bought a potion of heal wounds for 60 gold pieces
 21116 | Orc:2    | Bought a potion of resistance for 120 gold pieces
 21764 | Elf:1    | Entered Level 1 of the Elven Halls
 21778 | Elf:1    | Reached skill level 15 in Armour
 21919 | Elf:1    | Reached skill level 20 in Axes
 22086 | Elf:1    | Noticed a deep elf annihilator
 22104 | Elf:1    | HP: 3/138 [deep elf annihilator/poison arrow (30)]
 22108 | Elf:1    | Killed a deep elf annihilator
 22118 | Elf:1    | Reached XP level 15. HP: 36/145 MP: 1/15
 22759 | Elf:1    | Found a huge runed gate.
 22759 | Elf:1    | Found a huge runed gate.
 22759 | Elf:1    | Found a huge runed gate.
 22759 | Elf:1    | Found a huge runed gate.
 22759 | Elf:1    | Found a huge runed gate.
 22759 | Elf:1    | Found a huge runed gate.
 22764 | Elf:1    | Found a huge runed gate.
 22764 | Elf:1    | Found a huge runed gate.
 22764 | Elf:1    | Found a huge runed gate.
 22764 | Elf:1    | Found a huge runed gate.
 22764 | Elf:1    | Found a huge runed gate.
 22813 | Elf:1    | Found the +8 mithril axe "Arga" {speed, Will+}
 23274 | Elf:1    | Got the Guide on Creative Attacks
 24699 | Elf:2    | Found a runed translucent gate.
 24699 | Elf:2    | Found a runed translucent gate.
 24699 | Elf:2    | Found a runed translucent gate.
 24832 | Elf:2    | Noticed Gorep's ghost (adept FeBe)
 24849 | Elf:2    | Paralysed by an air elemental for 1 turns
 25035 | Elf:2    | Found a runed translucent gate.
 25036 | Elf:2    | Found a runed translucent gate.
 25036 | Elf:2    | Found a runed translucent gate.
 25059 | Elf:2    | Reached skill level 21 in Axes
 25257 | Elf:2    | Gained Dorog as an ally
 25355 | Elf:2    | Gained Boruk as an ally
 25617 | Elf:2    | Noticed a deep elf blademaster
 25626 | Elf:2    | Killed a deep elf blademaster
 25626 | Elf:2    | Your ally Dorog died
 25715 | Elf:2    | Your ally Ugbert died
 25729 | Elf:2    | Reached XP level 16. HP: 41/157 MP: 5/16
 26920 | Elf:3    | Entered Level 3 of the Elven Halls
 26990 | Elf:3    | Identified the +0 helmet of Indemnity {rElec rF+ rC- Str+3}
 27053 | Elf:3    | Paralysed by an air elemental for 1 turns
 27078 | Elf:3    | Noticed a deep elf blademaster
 27078 | Elf:3    | Noticed a deep elf master archer
 27084 | Elf:3    | Killed from afar by a deep elf annihilator

Illustrated notes

Levels and vault maps discovered:
D:1:      ncdulo_lavacross, layout_basic, serial_shops, shop,
          nicolae_square_shop, shop,
          hellmonk_ecumenical_altar_pennies_from_heaven, minmay_misc_feat_iff
D:2:      layout_basic, minmay_pentomino_q2
D:3:      layout_basic, mainiacjoe_overflow_alcove_2,
          mainiacjoe_overflow_brackets, lemuel_tele_altar,
          mainiacjoe_overflow_alcove_1
D:4:      layout_rooms, mainiacjoe_overflow_big_doors, portal_sewer_entry_a,
          cheibrodos_gnoll_hut
D:5:      kennysheep_steamy, layout_basic, st_stairs_9, uniq_ijyb, uniq_duvessa
D:6:      layout_basic, gammafunk_ghost_necromancy, uniq_pikel
D:7:      layout_loops_corners, minmay_temple_entry_butterflies, uniq_maggie
D:8:      layout_cave_pools, dpeg_lair_monsters, gammafunk_ghost_mausoleum,
          chequers_mini_garden
D:9:      layout_irregular_city
D:10:     cheibrodos_breeding_chamber, layout_rooms,
          nicolae_trove_entry_path_of_doom, special_room [special_room_orc],
          uniq_gastronok, uniq_erolcha
D:11:     layout_roguey
D:12:     layout_irregular_city, david_orc_4, serial_shops, nicolae_square_shop,
          uniq_psyche
D:13:     layout_stronghold, david_vaults_5, gammafunk_ghost_cemetery,
          st_stairs_8, minmay_rotating_lava
D:14:     layout_basic, minmay_misc_feat_ornament, uniq_jorgrun
D:15:     gammafunk_enter_depths_forms, layout_long_grid,
          minmay_misc_feat_square, minmay_shattered_shrine
Orc:1:    layout_caves, minmay_orc_treasury
Orc:2:    st_orc_mages, layout_caves
Elf:1:    eino_elf_arrival_customs, layout_loops_corners, minmay_elf_sorcery,
          not_door_vault_mu, item_on_display_a, lemuel_upstairs_altar
Elf:2:    nicolae_elf_blades_splatter_lattice
          [nicolae_blade_entry_area_security], layout_loops_ring,
          portal_ice_cave_entry_pillars_four, ebering_ghost_rock_garden,
          grunt_ministairs_15, nrook_mini_backslash,
          nicolae_elf_glass_and_crystal_pillar_1
Elf:3:    grunt_elf_hall_asides, layout_geoelf_diagonals, serial_shops,
          nicolae_shop_trees, uniq_mara

Skill      XL: |  1  2  3  4  5  6  7  8  9 10 11 12 13 14 15 |
---------------+----------------------------------------------+-----
Axes           | 3 4 5 11 15 16 17 18 19 20 21 | 21.3
Fighting       | 4 5 10 11 12 14 15 16 17 | 17.9
Armour         | 4 5 9 10 11 13 14 15 16 | 16.6
Dodging        | |  0.6
Stealth        | |  0.2
Shields        | |  3.9

Action                   |  1- 3 |  4- 6 |  7- 9 | 10-12 | 13-15 | 16-18 || total
-------------------------+-------+-------+-------+-------+-------+-------++-------
Melee: War axe           |    96 |   213 |   142 |    29 |       |       ||   480
       Unarmed           |       |       |     6 |     8 |       |       ||    14
       Battleaxe         |       |       |       |   331 |   448 |    18 ||   797
Invok: Convert to Beogh  |       |       |     1 |       |       |       ||     1
       Give Item to Name |       |       |       |       |     4 |     1 ||     5
       Recall Orcish Fol |       |       |       |       |     8 |     2 ||    10
       Resurrection      |       |       |       |       |     1 |       ||     1
Evoke: Wand              |       |       |       |     1 |     1 |       ||     2
       Lightning rod     |       |       |       |       |     1 |       ||     1
  Use: Scroll            |     2 |     6 |       |    12 |     7 |     2 ||    29
       Potion            |       |     1 |     3 |       |     9 |     4 ||    17
 Stab: Distracted        |       |       |       |     1 |     1 |       ||     2
       Paralysed         |       |       |       |       |     2 |       ||     2
Armor: Scale mail        |    76 |    71 |       |       |       |       ||   147
       Storm dragon scal |       |    21 |    40 |   203 |   384 |    19 ||   667
       Skin              |       |       |     2 |       |       |    12 ||    14
Dodge: Dodged            |    52 |    82 |    42 |   155 |   170 |     1 ||   502
Block: Kite shield       |    74 |    10 |       |       |       |       ||    84
       Buckler           |       |    90 |    43 |     5 |       |       ||   138

Table legend: (Time is in decaauts)
 A = Elapsed time spent in this place.
 B = Non-inter-level travel time spent in this place.
 C = Inter-level travel time spent in this place.
 D = Time resting spent in this place.
 E = Time spent auto-exploring this place.
 F = Levels seen in this place.
 G = Mean time per level.
                   A        B        C        D        E       F      G
               +--------+--------+--------+--------+--------+-----+--------+
         Total |  27010 |  26383 |    627 |   7740 |  12910 |  21 | 1286.2 |
       Dungeon |  18599 |  18058 |    541 |   4610 |   9924 |  15 | 1239.9 |
  Orcish Mines |   2748 |   2700 |     48 |   1056 |   1089 |   2 | 1374.0 |
   Elven Halls |   5264 |   5226 |     38 |   1941 |   1763 |   3 | 1754.7 |
         Sewer |    397 |    397 |      0 |    133 |    134 |   1 |  397.0 |
               +--------+--------+--------+--------+--------+-----+--------+

Top non-repeatable levels by time:
   Elf:1: 2815 daAuts
   Elf:2: 2287 daAuts
    D:15: 2045 daAuts
   Orc:1: 2001 daAuts
    D:12: 1797 daAuts
     D:7: 1520 daAuts
    D:13: 1231 daAuts
    D:14: 1212 daAuts
     D:4: 1200 daAuts
    D:10: 1200 daAuts
    D:11: 1186 daAuts
     D:9: 1101 daAuts
     D:3: 1075 daAuts
     D:2: 1065 daAuts
     D:1: 1031 daAuts
